3L
MONTANA PANDAS @ OAKLAND OAKS
07/20/2034
 
TOP OF THE 1ST
Montana Pandas batting - Pitching for Oakland Oaks : RHP Merlin Bassett
Pitching: RHP Merlin Bassett
Batting: RHB Juanito González 0-0: Ground out 5-3 (Groundball, 56)
Batting: LHB César Gómes 0-0: Ground out 4-3 (Groundball, 34D)
Batting: RHB Mario Castillo 0-0: Ground out 6-3 (Groundball, 6M)
Top of the 1st over - 0 runs, 0 hits, 0 errors, 0 left on base; Montana 0 - Oakland 0
BOTTOM OF THE 1ST
Oakland Oaks batting - Pitching for Montana Pandas : RHP Lorenzo Fabián
Pitching: RHP Lorenzo Fabián
Batting: RHB Yehonatan Chazan 0-0: Called Strike
0-1: Ball
1-1: Ball
2-1: Foul Ball, location: 2F
2-2: Foul Ball, location: 2F
2-2: SINGLE (Line Drive, 34D)
Batting: RHB Alfonso Nazario 0-0: Ball
1-0: Ball
2-0: Swinging Strike
2-1: Fly out, F8 (Flyball, 78S)
Batting: RHB Colin O'Connell 0-0: Ball
1-0: Swinging Strike
1-1: Ball
2-1: Ball
3-1: Base on Balls
Yehonatan Chazan to second
Batting: LHB Tim O'Neal 0-0: Called Strike
0-1: Ball
1-1: Fielders Choice at 2nd, 1-6 (Groundball, 13S)
Yehonatan Chazan to third
Batting: RHB Joseph Papasogli 0-0: Ball
1-0: Swinging Strike
1-1: Ball
2-1: Swinging Strike
2-2: Foul Ball, location: 2F
2-2: DOUBLE (Line Drive, 7LM)
Yehonatan Chazan scores
Tim O'Neal to third
Runner from 3rd tries for Home, SAFE, no throw
Batting: RHB Esteban Vázquez 0-0: Called Strike
0-1: Called Strike
0-2: Foul Ball, location: 2F
0-2: Ball
1-2: DOUBLE (Line Drive, 78D)
Joseph Papasogli scores
Batting: RHB Raúl Chávez 0-0: Ball
1-0: DOUBLE (Flyball, 8RXD)
Esteban Vázquez scores
Batting: RHB Cristián Coronado 0-0: Called Strike
0-1: Called Strike
0-2: Ball
1-2: Foul Ball, location: 2F
1-2: Foul Ball, location: 2F
1-2: Ball
2-2: Foul Ball, location: 2F
2-2: Ground out 4-3 (Groundball, 4)
Bottom of the 1st over - 4 runs, 4 hits, 0 errors, 1 left on base; Montana 0 - Oakland 4
TOP OF THE 2ND
Montana Pandas batting - Pitching for Oakland Oaks : RHP Merlin Bassett
Batting: LHB Dewitt Hopper 0-0: Called Strike
0-1: Swinging Strike
0-2: Strikes out swinging
Batting: LHB José Corona 0-0: Called Strike
0-1: Ball
1-1: Ball
2-1: Called Strike
2-2: Ball
3-2: Strikes out swinging
Batting: RHB Gabriel Maldonado 0-0: Ball
1-0: Fly out, F7 (Flyball, 78D)
Top of the 2nd over - 0 runs, 0 hits, 0 errors, 0 left on base; Montana 0 - Oakland 4
BOTTOM OF THE 2ND
Oakland Oaks batting - Pitching for Montana Pandas : RHP Lorenzo Fabián
Batting: RHB Juan Alcocer 0-0: Ball
1-0: Ground out 6-3 (Groundball, 6M)
Batting: RHB Yehonatan Chazan 0-0: Foul Ball, location: 2F
0-1: Ball
1-1: Swinging Strike
1-2: Ball
2-2: Foul Ball, location: 2F
2-2: Foul Ball, location: 2F
2-2: Ball
3-2: Strikes out swinging
Batting: RHB Alfonso Nazario 0-0: Ball
1-0: Fly out, F7 (Flyball, 78M)
Bottom of the 2nd over - 0 runs, 0 hits, 0 errors, 0 left on base; Montana 0 - Oakland 4
TOP OF THE 3RD
Montana Pandas batting - Pitching for Oakland Oaks : RHP Merlin Bassett
Batting: LHB Mysterious Walker 0-0: Swinging Strike
0-1: Ball
1-1: Swinging Strike
1-2: Foul Ball, location: 2F
1-2: Strikes out swinging
Batting: RHB Oliver Aranda 0-0: Called Strike
0-1: Ball
1-1: SINGLE (Line Drive, 7LS)
Batting: RHB Lionel McCloud 0-0: Ball
1-0: Fly out, F8 (Flyball, 8LD)
Batting: RHB Juanito González 0-0: Ball
1-0: Foul Ball, location: 2F
1-1: Foul Ball, location: 2F
1-2: Ball
2-2: Fielders Choice at 2nd, 6-4 (Groundball, 6)
Top of the 3rd over - 0 runs, 1 hit, 0 errors, 1 left on base; Montana 0 - Oakland 4
BOTTOM OF THE 3RD
Oakland Oaks batting - Pitching for Montana Pandas : RHP Lorenzo Fabián
Batting: RHB Colin O'Connell 0-0: Ball
1-0: Called Strike
1-1: Foul Ball, location: 2F
1-2: Ground out 6-3 (Groundball, 6)
Batting: LHB Tim O'Neal 0-0: Called Strike
0-1: Ball
1-1: Foul Ball, location: 2F
1-2: Foul Ball, location: 2F
1-2: Ball
2-2: Ball
3-2: Ground out 1-3 (Groundball, 15S)
Batting: RHB Joseph Papasogli 0-0: Ball
1-0: Swinging Strike
1-1: Called Strike
1-2: Ball
2-2: Fly out, F7 (Flyball, 7D)
Bottom of the 3rd over - 0 runs, 0 hits, 0 errors, 0 left on base; Montana 0 - Oakland 4
TOP OF THE 4TH
Montana Pandas batting - Pitching for Oakland Oaks : RHP Merlin Bassett
Batting: LHB César Gómes 0-0: Ball
1-0: Called Strike
1-1: Foul Ball, location: 2F
1-2: Ground out 3-1 (Groundball, 3D)
Batting: RHB Mario Castillo 0-0: Ball
1-0: Fly out, F8 (Flyball, 8RXD)
Batting: LHB Dewitt Hopper 0-0: Swinging Strike
0-1: Foul Ball, location: 2F
0-2: Foul Ball, location: 2F
0-2: Ball
1-2: Foul Ball, location: 2F
1-2: SINGLE (Groundball, 4D)
Batting: LHB José Corona 0-0: Ball
1-0: Ball
2-0: Ball
3-0: Ground out U3 (Groundball, 3)
Top of the 4th over - 0 runs, 1 hit, 0 errors, 1 left on base; Montana 0 - Oakland 4
BOTTOM OF THE 4TH
Oakland Oaks batting - Pitching for Montana Pandas : RHP Lorenzo Fabián
Pitching: LHP Raúl Gómez
Batting: RHB Esteban Vázquez 0-0: Fly out, F9 (Flyball, 9S)
Batting: RHB Raúl Chávez 0-0: Ball
1-0: Ball
2-0: DOUBLE (Flyball, 8RXD)
Batting: RHB Cristián Coronado 0-0: Fly out, F8 (Flyball, 8LXD)
Runner from 2nd tags up, SAFE at 3rd, no throw
Batting: RHB Juan Alcocer 0-0: Called Strike
0-1: Ball
1-1: Ball
2-1: Ball
Passed Ball!
Raúl Chávez scores
3-1: Called Strike
3-2: Foul Ball, location: 2F
3-2: Ground out 6-3 (Groundball, 6D)
Bottom of the 4th over - 1 run, 1 hit, 0 errors, 0 left on base; Montana 0 - Oakland 5
TOP OF THE 5TH
Montana Pandas batting - Pitching for Oakland Oaks : RHP Merlin Bassett
Batting: RHB Gabriel Maldonado 0-0: Foul Ball, location: 2F
0-1: Swinging Strike
0-2: Ground out 6-3 (Groundball, 56)
Batting: LHB Mysterious Walker 0-0: Swinging Strike
0-1: Ball
1-1: Called Strike
1-2: DOUBLE (Line Drive, 9LM)
Batting: RHB Oliver Aranda 0-0: Ball
1-0: Called Strike
1-1: Swinging Strike
1-2: Strikes out swinging
Batting: RHB Lionel McCloud 0-0: Called Strike
0-1: Swinging Strike
0-2: Ball
1-2: SINGLE (Groundball, 6MD)
Mysterious Walker to third
Runner from 3rd tries for Home, SAFE, no throw
Batting: RHB Juanito González 0-0: Called Strike
0-1: Ball
1-1: Called Strike
Lionel McCloud is caught stealing 2nd base
Top of the 5th over - 1 run, 2 hits, 0 errors, 0 left on base; Montana 1 - Oakland 5
BOTTOM OF THE 5TH
Oakland Oaks batting - Pitching for Montana Pandas : LHP Raúl Gómez
Batting: RHB Yehonatan Chazan 0-0: Foul Ball, location: 2F
0-1: Foul Ball, location: 2F
0-2: Fly out, F7 (Line Drive, 7)
Batting: RHB Alfonso Nazario 0-0: SINGLE (Groundball, 4MS) (infield hit)
Batting: RHB Colin O'Connell 0-0: Ball
1-0: Ball
2-0: SINGLE (Flyball, 89M)
Alfonso Nazario to second
Runner from 2nd tries for 3rd, SAFE, no throw
Batting: LHB Tim O'Neal 0-0: Ball
1-0: Fly out, F8 (Flyball, 8LM)
Runner from 3rd tags up, SCORES, throw made
Batting: RHB Joseph Papasogli 0-0: Ball
1-0: Called Strike
1-1: Fly out, F5 (Popup, 56S)
Bottom of the 5th over - 1 run, 2 hits, 0 errors, 1 left on base; Montana 1 - Oakland 6
TOP OF THE 6TH
Montana Pandas batting - Pitching for Oakland Oaks : RHP Merlin Bassett
Batting: RHB Juanito González 0-0: Foul Ball, location: 2F
0-1: Ball
1-1: Foul Ball, location: 2F
1-2: Ball
2-2: Ground out 5-3 (Groundball, 5)
Batting: LHB César Gómes 0-0: Ball
1-0: Called Strike
1-1: Foul Ball, location: 2F
1-2: Foul Ball, location: 2F
1-2: Foul Ball, location: 2F
1-2: Ball
2-2: Foul Ball, location: 2F
2-2: Fly out, F7 (Line Drive, 78M)
Batting: RHB Mario Castillo 0-0: Ball
1-0: Foul Ball, location: 2F
1-1: Ball
2-1: Foul Ball, location: 2F
2-2: Fly out, F8 (Flyball, 8LM)
Top of the 6th over - 0 runs, 0 hits, 0 errors, 0 left on base; Montana 1 - Oakland 6
BOTTOM OF THE 6TH
Oakland Oaks batting - Pitching for Montana Pandas : LHP Raúl Gómez
Batting: RHB Esteban Vázquez 0-0: Foul Ball, location: 2F
0-1: Foul Ball, location: 2F
0-2: Foul Ball, location: 2F
0-2: Ball
1-2: Ball
2-2: Ball
3-2: Foul Ball, location: 2F
3-2: Fly out, F9 (Line Drive, 9LM)
Batting: RHB Raúl Chávez 0-0: Fly out, F8 (Flyball, 8LD)
Batting: RHB Cristián Coronado 0-0: Fly out, F9 (Flyball, 9D)
Bottom of the 6th over - 0 runs, 0 hits, 0 errors, 0 left on base; Montana 1 - Oakland 6
TOP OF THE 7TH
Montana Pandas batting - Pitching for Oakland Oaks : RHP Merlin Bassett
Batting: LHB Dewitt Hopper 0-0: SINGLE (Flyball, 89M)
Batting: LHB José Corona 0-0: Called Strike
0-1: Foul Ball, location: 2F
0-2: Reached on error, E4 (Groundball, 4)
Dewitt Hopper to second
Batting: RHB Gabriel Maldonado 0-0: Foul Ball, location: 2F
0-1: Called Strike
0-2: Reached via error on a dropped throw, E4
Dewitt Hopper to third
José Corona to second
Batting: LHB Mysterious Walker 0-0: Swinging Strike
0-1: Ball
1-1: Swinging Strike
1-2: Foul Ball, location: 2F
1-2: SINGLE (Flyball, 89M)
Dewitt Hopper scores
José Corona to third
Gabriel Maldonado to second
Runner from 3rd tries for Home, SAFE, no throw
Batting: RHB Oliver Aranda 0-0: Ground out 6-3 (Groundball, 6MS)
Gabriel Maldonado to third
Mysterious Walker to second
Batting: RHB Lionel McCloud 0-0: Called Strike
0-1: Foul Ball, location: 2F
0-2: Foul Ball, location: 2F
0-2: Foul Ball, location: 2F
0-2: Ball
1-2: Ball
2-2: Strikes out swinging
Pitching: RHP Yue-rong Chen
Batting: RHB Juanito González 0-0: Called Strike
0-1: Ball
1-1: Ball
2-1: Foul Ball, location: 2F
2-2: Ball
3-2: Base on Balls
Batting: LHB César Gómes 0-0: Ball
1-0: Foul Ball, location: 2F
1-1: Called Strike
1-2: Fly out, F6 (Popup, 6)
Top of the 7th over - 2 runs, 2 hits, 2 errors, 3 left on base; Montana 3 - Oakland 6
BOTTOM OF THE 7TH
Oakland Oaks batting - Pitching for Montana Pandas : LHP Raúl Gómez
Pitching: RHP Yeon-kyu Kim
Batting: RHB Juan Alcocer 0-0: Ball
1-0: Ball
2-0: Ball
3-0: Called Strike
3-1: Swinging Strike
3-2: Fly out, F9 (Flyball, 9S)
Batting: RHB Yehonatan Chazan 0-0: Foul Ball, location: 2F
0-1: Ball
1-1: Ground out U3 (Groundball, 3)
Batting: RHB Alfonso Nazario 0-0: Fly out, F8 (Flyball, 8RM)
Bottom of the 7th over - 0 runs, 0 hits, 0 errors, 0 left on base; Montana 3 - Oakland 6
TOP OF THE 8TH
Montana Pandas batting - Pitching for Oakland Oaks : RHP Yue-rong Chen
Batting: RHB Mario Castillo 0-0: Called Strike
0-1: Ball
1-1: Ball
2-1: Ball
3-1: Called Strike
3-2: Foul Ball, location: 2F
3-2: Ground out 5-3 (Groundball, 56)
Batting: LHB Dewitt Hopper 0-0: Ball
1-0: Fly out, F7 (Line Drive, 7S)
Batting: LHB José Corona 0-0: Called Strike
0-1: Ball
1-1: Ball
2-1: Foul Ball, location: 2F
2-2: Foul Ball, location: 2F
2-2: Strikes out swinging
Top of the 8th over - 0 runs, 0 hits, 0 errors, 0 left on base; Montana 3 - Oakland 6
BOTTOM OF THE 8TH
Oakland Oaks batting - Pitching for Montana Pandas : RHP Yeon-kyu Kim
Batting: RHB Colin O'Connell 0-0: Ball
1-0: Foul Ball, location: 2F
1-1: Ground out 6-3 (Groundball, 6M)
Batting: LHB Tim O'Neal 0-0: Ball
1-0: Foul Ball, location: 2F
1-1: Ball
2-1: SINGLE (Groundball, 4MD)
Batting: RHB Joseph Papasogli 0-0: Ball
Tim O'Neal is caught stealing 2nd base
1-0: Called Strike
1-1: Ball
2-1: Foul Ball, location: 2F
2-2: Ball
3-2: Ground out 5-3 (Groundball, 56)
Bottom of the 8th over - 0 runs, 1 hit, 0 errors, 0 left on base; Montana 3 - Oakland 6
TOP OF THE 9TH
Montana Pandas batting - Pitching for Oakland Oaks : RHP Yue-rong Chen
Pitching: RHP Júlio Rodríguez
Batting: RHB Gabriel Maldonado 0-0: Swinging Strike
0-1: Called Strike
0-2: Ball
1-2: Foul Ball, location: 2F
1-2: Foul Ball, location: 2F
1-2: Ball
2-2: Strikes out swinging
Batting: LHB Mysterious Walker 0-0: Ball
1-0: Called Strike
1-1: Swinging Strike
1-2: Ball
2-2: Ball
3-2: SINGLE (Groundball, 6MD)
Batting: RHB Oliver Aranda 0-0: Foul Ball, location: 2F
0-1: Ball
1-1: Foul Ball, location: 2F
1-2: Strikes out swinging
Batting: RHB Lionel McCloud 0-0: Ball
1-0: Ball
2-0: Called Strike
2-1: Ball
3-1: Fielders Choice at 2nd, 5-4 (Groundball, 56)
Top of the 9th over - 0 runs, 1 hit, 0 errors, 1 left on base; Montana 3 - Oakland 6
Friday, March 29th, 2019 - OOTP Baseball 18.8 Build 76